 Dungeon Crawl Stone Soup version 0.19-a0-1886-gd64a0f0 (webtiles) character file.

238 esc the Stinger (level 5, -4/38 HPs)
             Began as a Mummy Venom Mage on Oct 15, 2016.
             Killed by divine providence
             ... invoked by an orc priest
              (16 damage)
             ... on level 3 of the Dungeon.
             The game lasted 00:10:14 (2703 turns).

esc the Stinger (Mummy Venom Mage)                  Turns: 2703, Time: 00:10:14

Health: -4/38      AC:  5    Str: 11    XL:     5   Next: 78%
Magic:  5/9        EV: 13    Int: 15    God:
Gold:   92         SH:  0    Dex: 13    Spells: 1 memorised, 8 levels left

rFire  x . .     SeeInvis .     d - +2 spear (venom)
rCold  + + .     Gourm    .     a - +0 robe
rNeg   + + +     Faith    .     (no shield)
rPois  ∞         Spirit   .     (no helmet)
rElec  .         Dismiss  .     k - +1 cloak
rCorr  .         Reflect  .     i - +0 pair of gloves
MR     .....     Harm     .     (no boots)
Stlth  ++........               (no amulet)
                                (no ring)
                                j - ring of protection from cold {rC+, !d}

@: very slightly contaminated
A: no food or potions, fire vulnerability, cold resistance 1, negative energy
resistance 3, torment resistance, unbreathing
a: no special abilities


You were on level 3 of the Dungeon.
You were not hungry.

You visited 1 branch of the dungeon, and saw 3 of its levels.

You collected 92 gold pieces.

Inventory:

Hand Weapons
 d - a +2 spear of venom (weapon)
   (You found it on level 2 of the Dungeon)
Missiles
 g - 101 stones (quivered)
 h - 22 poisoned needles
Armour
 a - a +0 robe (worn)
 i - a +0 pair of gloves (worn)
   (You found it on level 1 of the Dungeon)
 k - a +1 cloak (worn)
   (You found it on level 3 of the Dungeon)
Jewellery
 j - a ring of protection from cold (left hand) {rC+, !d}
   (You found it on level 2 of the Dungeon)
Scrolls
 c - 4 scrolls of enchant weapon
 l - a scroll of remove curse
 m - a scroll of identify
 n - a scroll of random uselessness
Books
 b - a Young Poisoner's Handbook


   Skills:
 + Level 2.0 Fighting
 + Level 2.6 Dodging
 + Level 2.8 Stealth
 + Level 2.6 Spellcasting
 + Level 1.7 Conjurations
 + Level 3.6 Poison Magic


You had 8 spell levels left.
You knew the following spells:

 Your Spells              Type           Power        Failure   Level  Hunger
a - Sting                 Conj/Pois      ##..         10%         1    N/A

Dungeon Overview and Level Annotations

Branches:
Dungeon (3/15)

Altars:

Annotations:
D:2 1 runed door


Innate Abilities, Weirdness & Mutations

You do not eat or drink.
Your flesh is vulnerable to fire.
You are immune to poison.
Your flesh is cold resistant. (rC+)
You are immune to negative energy. (rN+++)
You are immune to unholy pain and torment.
You can survive without breathing.


Message History

The orc's wounds heal themselves!
The orc hits you with a short sword.
The orc priest moves out of view.
You take 1 damage, and have 34/38 hp.
Unknown command.
You hit the orc.
You kill the orc!
Aim: an orc priest, wielding a flail and wearing a scale mail The sting hits the orc priest.
You now have 7/8 mp.
Aim: an orc priest, wielding a flail and wearing a scale mail (moderately wounded)
The sting hits the orc priest.
The orc priest appears unharmed.
You now have 6/8 mp.
You hit the orc priest but do no damage.
The orc priest hits you with a flail! The orc misses you.
The orc priest casts a cantrip, but nothing happens.
You take 7 damage, and have 29/38 hp.
You hit the orc priest.
The orc hits you from afar with a trident.
The orc priest closely misses you.
The orc priest suddenly jeers.
You take 3 damage, and have 26/38 hp.
You hit the orc priest but do no damage.
The orc priest is poisoned.
The orc misses you. The orc priest barely misses you.
You barely miss the orc priest. The orc barely misses you.
The orc priest mumbles some strange prayers to Beogh against you.
Beogh smites you!
You take 12 damage, and have 14/38 hp.
MASSIVE DAMAGE!!
You hit the orc priest but do no damage.
The orc priest looks as sick as possible!
The orc closely misses you.
The orc priest invokes the aid of Beogh against you.
Beogh smites you!
* * * LOW HITPOINT WARNING * * *
You take 11 damage, and have 3/38 hp.
MASSIVE DAMAGE!!
As you read the scroll labeled GEEKAC NYCAEBU, it crumbles to dust.
It is a scroll of identify.
n - a scroll of random uselessness You kill the orc priest!
Your Fighting skill increases to level 2!
The orc hits you from afar with a trident.
* * * LOW HITPOINT WARNING * * *
You take 2 damage, and have 1/38 hp.
As you read the scroll labeled LECIESHREAM, it crumbles to dust.
It is a scroll of recharging.
You aren't carrying any rechargeable items.
The orc barely misses you.
As you read the scroll labeled OCOH TARENLYNKA, it crumbles to dust.
The scroll dissolves into smoke.
It was a scroll of fog.
MP restored: 9
Aim: an orc, wielding a club and wearing a scale mail The sting misses the orc.
You now have 8/9 mp.
Aim: an orc, wielding a club and wearing a scale mail The sting hits the orc.
The orc appears unharmed.
You now have 7/9 mp.
Aim: an orc, wielding a club and wearing a scale mail You miscast Sting.
You are very lightly contaminated with residual magic.
Nothing appears to happen.
You now have 6/9 mp.
Aim: an orc, wielding a club and wearing a scale mail The sting hits the orc.
You now have 5/9 mp.
Aim: an orc, wielding a club and wearing a scale mail (almost dead)
The sting hits the orc.
You kill the orc!
You now have 5/9 mp.
Things that are here:
a club; a scale mail There isn't anything to butcher here.
You start resting.
Your magical contamination has completely faded away.
You start resting.
You regained 3 hp, and now have 11/38 hp.
You regained 2 mp, and now have 8/9 mp.
You can't see any susceptible monsters within range! (Use Z to cast anyway.) MP restored: 9
Aim: an orc, wielding a trident and wearing a leather armour (hasn't noticed you)
You miscast Sting.
You are very lightly contaminated with residual magic.
Nothing appears to happen.
You now have 8/9 mp.
Aim: an orc, wielding a trident and wearing a leather armour The sting misses the orc.
You now have 7/9 mp.
Aim: an orc, wielding a trident and wearing a leather armour The sting hits the orc.
The orc appears unharmed.
You now have 6/9 mp.
Aim: an orc, wielding a trident and wearing a leather armour The sting misses the orc.
You now have 5/9 mp.
Okay, then.
You hit the orc priest.
The orc priest is poisoned.
The orc barely misses you. The orc priest barely misses you.
The orc priest mumbles some strange prayers to Beogh against you.
Beogh smites you!
You die...

##### ..... #....# #o..# #....###
# .o... #...).. .. #...#
#....###### .. o....
#..........#####.. #####
##########....#.##..##.....
#######.........[.##.............
..............o)@...............>
#######)#..#####o...........[....
# #.##....................... #
#.##......#................ #
#.##.....##................ #
#.##.....#................. #
#.##....................... #
#.##.....#..#.............. #
#.##.....#..##......#.....#


You could see an orc priest and an orc.

Vanquished Creatures
  A sky beast (D:3)
  An orc priest (D:3)
  Ijyb (D:2)
  2 adders (D:2)
  2 worms (D:2)
  2 dart slugs
  3 leopard geckos
  2 orcs (D:3)
  A ball python (D:1)
  2 giant cockroaches (D:1)
  9 goblins
  4 hobgoblins (D:1)
  A quokka (D:3)
  9 bats
  4 frilled lizards
  11 kobolds
  4 rats
59 creatures vanquished.

Notes
Turn   | Place    | Note
-------+----------+-------------------------------------------
     0 | D:1      | esc the Mummy Venom Mage began the quest for the Orb.
     0 | D:1      | Reached XP level 1. HP: 13/13 MP: 3/3
   158 | D:1      | HP: 3/14 [hobgoblin/club (5)]
   201 | D:1      | Reached XP level 2. HP: 7/20 MP: 0/5
   205 | D:1      | HP: 4/20 [leopard gecko (3)]
   230 | D:1      | HP: 5/20 [giant cockroach (1)]
  1006 | D:1      | Reached skill level 2 in Stealth
  1115 | D:1      | Reached skill level 1 in Fighting
  1115 | D:1      | Reached XP level 3. HP: 18/26 MP: 0/6
  1561 | D:2      | Noticed Ijyb
  1588 | D:2      | Killed Ijyb
  1588 | D:2      | Reached skill level 1 in Conjurations
  1588 | D:2      | Reached XP level 4. HP: 28/32 MP: 0/7
  1668 | D:2      | Reached skill level 2 in Dodging
  2372 | D:2      | Found a runed door.
  2484 | D:3      | Noticed a sky beast
  2505 | D:3      | Killed a sky beast
  2505 | D:3      | Reached XP level 5. HP: 25/38 MP: 8/8
  2609 | D:3      | HP: 3/38 [orc priest/divine providence (11)]
  2610 | D:3      | Reached skill level 2 in Fighting
  2610 | D:3      | HP: 1/38 [orc/trident (3)]
  2703 | D:3      | Killed from afar by an orc priest

Vault maps used:
D:1:      elethiomel_arrival_maze
D:2:      uniq_iyjb, uniq_crazy_yiuf_cottage
D:3:      lemuel_coloured_pillars_altar, lemuel_doored_altar, serial_glass,
          glass_columns_b, glass_columns_b, nicolae_ru_awakened_eye

Skill      XL: |  1  2  3  4  5 |
---------------+----------------+-----
Stealth        | 2 |  2.8
Fighting       | 1 2 |  2.0
Conjurations   | 1 |  1.7
Dodging        | 2 |  2.6
Spellcasting   | |  2.6
Poison Magic   | |  3.6

Action                   |  1- 3 |  4- 6 || total
-------------------------+-------+-------++-------
Melee: Hand axe          |     5 |       ||     5
       Dagger            |     3 |     4 ||     7
       Spear             |       |    33 ||    33
 Cast: Sting             |    80 |    33 ||   113
  Use: Scroll            |       |     6 ||     6
 Stab: Sleeping          |       |     5 ||     5
Armor: Robe              |    10 |     7 ||    17
Dodge: Dodged            |    41 |    31 ||    72

Vault maps used:
D:1:      elethiomel_arrival_maze
D:2:      uniq_iyjb, uniq_crazy_yiuf_cottage
D:3:      lemuel_coloured_pillars_altar, lemuel_doored_altar, serial_glass,
          glass_columns_b, glass_columns_b, nicolae_ru_awakened_eye

Table legend:
 A = Turns spent in this place as a percentage of turns spent in the entire game.
 B = Non-inter-level travel turns spent in this place as a percentage of non-inter-level travel turns spent in the entire game.
 C = Inter-level travel turns spent in this place as a percentage of turns spent in this place.
 D = Turns resting spent in this place as a percentage of non-inter-level travel turns spent in this place.
 E = Turns spent auto-exploring this place as a percentage of non-inter-level travel turns spent in this place.
 F = Non-inter-level travel turns spent in this place divided by the number of levels of this place that you've seen.
                   A       B       C       D       E      F
               +-------+-------+-------+-------+-------+----------------------
         Total | 100.0 | 100.0 |   0.5 |   4.4 |   9.2 | 250.7
       Dungeon | 100.0 | 100.0 |   0.5 |   4.4 |   9.2 | 250.7
               +-------+-------+-------+-------+-------+----------------------

Table legend:
 A = Kills in this place as a percentage of kills in entire the game.
 B = Kills by you in this place as a percentage of kills by you in the entire game.
 C = Kills by friends in this place as a percentage of kills by friends in the entire game.
 D = Other kills in this place as a percentage of other kills in the entire game.
 E = Experience gained in this place as a percentage of experience gained in the entire game.
 F = Experience gained in this place divided by the number of levels of this place that you have seen.
                   A       B       C       D       E      F
               +-------+-------+-------+-------+-------+----------------------
         Total | 100.0 | 100.0 |  -nan |  -nan | 100.0 | 113.7
       Dungeon | 100.0 | 100.0 |  -nan |  -nan | 100.0 | 113.7
               +-------+-------+-------+-------+-------+----------------------
